 Dungeon Crawl Stone Soup version 0.16.1-11-g651b585 (webtiles) character file.

62 xsansara the Conjurer (level 3, -5/26 HPs)
             Began as a Draconian Wizard on Apr 2, 2015.
             Was an Initiate of Ashenzari.
             Slain by a gnoll
             ... wielding a +0 halberd
              (11 damage)
             ... on level 2 of the Dungeon.
             The game lasted 00:14:21 (3326 turns).

xsansara the Conjurer (Draconian Wizard)            Turns: 3326, Time: 00:14:22

Health: -5/26      AC:  6    Str:  9    XL:     3   Next: 85%
Magic:  2/7        EV: 12    Int: 19    God:    Ashenzari [......]
Gold:   67         SH:  0    Dex:  9    Spells: 4 memorised, 0 levels left

rFire  + . .     SeeInvis .     k - +2 whip (flame) (curse)
rCold  . . .     Clarity  .     (armour unavailable)
rNeg   . . .     SustAb   .     (no shield)
rPois  .         Gourm    .     b - +0 hat (curse)
rElec  .         Spirit   .     (no cloak)
rCorr  .         Warding  .     (no gloves)
rMut   .         Stasis   .     p - +0 pair of boots (curse)
MR     .....                    (no amulet)
Stlth  +.........               (no ring)
                                j - ring of protection from fire

@: not resistant to hostile enchantments, very unstealthy
A: unfitting armour, cold-blooded, AC +5
a: Renounce Religion


You were on level 2 of the Dungeon.
You worshipped Ashenzari.
Ashenzari was noncommittal.
You were hungry.

You visited 1 branch of the dungeon, and saw 2 of its levels.

You collected 67 gold pieces.

Inventory:

Hand weapons
 k - a cursed +2 whip of flaming (weapon)
Missiles
 f - 7 tomahawks (quivered)
Armour
 b - a cursed +0 hat (worn)
 p - a cursed +0 pair of boots (worn)
Jewellery
 j - a ring of protection from fire (left hand)
Scrolls
 e - 3 scrolls of teleportation
 g - a scroll of amnesia {unknown}
 l - a scroll of identify {unknown}
 r - a scroll of blinking {unknown}
 t - a scroll of remove curse
 u - 2 scrolls of curse armour
 v - a scroll of curse weapon
Potions
 i - a potion of ambrosia {unknown}
 n - a potion of cure mutation {unknown}
 o - a potion of restore abilities {unknown}
 q - a potion of magic {unknown}
Books
 c - a book of Minor Magic

   Spells                             Type                      Level
   a - Magic Dart                     Conjuration                  1
   b - Blink                          Translocation                2
   c - Call Imp                       Summoning                    2
   d - Repel Missiles                 Charms/Air                   2
   e - Slow                           Hexes                        2
   f - Conjure Flame                  Conjuration/Fire             3
   g - Mephitic Cloud                 Conjuration/Poison/Air       3
Comestibles
 a - 2 chunks of flesh
 d - 2 bread rations
 h - a royal jelly
 m - 2 meat rations
 s - a beef jerky


   Skills:
 - Level 1.7 Dodging
 - Level 1.7 Stealth
 - Level 3.0 Spellcasting
 + Level 3.1 Conjurations
 - Level 1.0 Summonings
 - Level 1.0 Translocations
 + Level 1.2 Air Magic
 + Level 1.1 Poison Magic


You couldn't memorise any spells.
You knew the following spells:

 Your Spells              Type           Power        Failure   Level  Hunger
a - Magic Dart            Conj           ##..         6%          1    None
b - Call Imp              Summ           #.......     17%         2    ##.....
c - Blink                 Tloc           N/A          17%         2    ##.....
d - Mephitic Cloud        Conj/Pois/Air  #.......     21%         3    ###....


Dungeon Overview and Level Annotations

Branches:
Dungeon (2/15)

Altars:
Ashenzari
Fedhas
Sif Muna
Xom


Innate Abilities, Weirdness & Mutations

Your plain brown scales are hard (AC +5).
Your body does not fit into most forms of armour.
Your cold-blooded metabolism reacts poorly to cold.


Message History

The gnoll sergeant drinks a potion.
The gnoll sergeant is healed!
Your crimson imp closely misses the gnoll sergeant.
The gnoll sergeant hits you from afar with a spear!
Your crimson imp barely misses the gnoll sergeant.
The gnoll sergeant hits you but does no damage.
Your crimson imp barely misses the gnoll sergeant.
The gnoll barely misses you.
You hit the gnoll sergeant but do no damage.
The gnoll sergeant is moderately wounded.
Your crimson imp disappears in a puff of smoke!
The gnoll sergeant hits you with a spear.
You hit the gnoll sergeant. You burn the gnoll sergeant.
The gnoll sergeant is heavily wounded.
The gnoll barely misses you.
The gnoll sergeant hits you with a spear!
* * * LOW HITPOINT WARNING * * *
You hit the gnoll sergeant but do no damage.
The gnoll sergeant is heavily wounded.
The gnoll hits you from afar with a halberd!
You die...

.................................
.............###.#......#........
.......#.....##.........#...)....
...#...##..#.##.........#........
....#..##..#............#........
....#..##.......g.......#........
##..#####...####g#.........(.....
............####g####....#..#####
...####.........@................
...#....................#..#...<#
...#.##...................>.....#
......................#####.....#
#.......................# #......
#.......................# #......
#.......................# #......
#.......#######.......### #......
#.......# #.......# #......


You could see a gnoll sergeant and 2 gnolls.

Vanquished Creatures
  An ooze (D:1)
  2 ball pythons
  4 hobgoblins (D:1)
  4 bats
  2 giant newts
  4 goblins (D:1)
  4 kobolds (D:1)
  5 rats
26 creatures vanquished.

Vanquished Creatures (collateral kills)
  An adder (D:2)
  A worm (D:2)
  2 giant geckos (D:2)
  A giant cockroach (D:1)
  6 goblins
  6 hobgoblins
  4 jackals (D:2)
  5 kobolds
  4 bats
  2 giant newts
  5 rats (D:2)
37 creatures vanquished.

Vanquished Creatures (others)
  A white imp (D:2)
1 creature vanquished.

Grand Total: 64 creatures vanquished

Notes
Turn   | Place    | Note
--------------------------------------------------------------
     0 | D:1      | xsansara, the Draconian Wizard, began the quest for the Orb.
     0 | D:1      | Reached XP level 1. HP: 14/14 MP: 4/4
   484 | D:1      | Reached XP level 2. HP: 12/20 MP: 0/6
   531 | D:1      | Learned a level 2 spell: Call Imp
   534 | D:1      | Learned a level 2 spell: Blink
  1027 | D:1      | Found a shimmering altar of Xom.
  1775 | D:1      | Reached XP level 3. HP: 9/26 MP: 0/7
  1780 | D:1      | Learned a level 3 spell: Mephitic Cloud
  2385 | D:2      | Reached skill level 1 in Air Magic
  2588 | D:2      | Reached skill level 1 in Poison Magic
  2870 | D:2      | Found a shattered altar of Ashenzari.
  2871 | D:2      | Found a blossoming altar of Fedhas.
  2875 | D:2      | Found a deep blue altar of Sif Muna.
  2889 | D:2      | Became a worshipper of Ashenzari the Shackled
  3307 | D:2      | Noticed a gnoll sergeant
  3326 | D:2      | Slain by a gnoll

Action                   || total
-------------------------++-------
Melee: Unarmed           ||   152
       Whip              ||    11
Throw: Tomahawk          ||    12
 Cast: Magic Dart        ||    14
       Call Imp          ||    55
       Mephitic Cloud    ||     1
  Use: Scroll            ||     4
  Eat: Chunk             ||    10
